[Event "Titled Tuesday Blitz November 01 Late 2022"]
[White "Indjic, Aleksandar"]
[Black "Rorrer, Grayson"]
[WhiteFideId "911925"]
[BlackFideId "30944996"]
[WhiteElo "2592"]
[BlackElo "2130"]
[Result "1-0"]
[Round "03"]
[TimeControl "180+1"]
[Date "2022.11.01"]
[WhiteClock "0:01:07"]
[BlackClock "0:00:01"]

1. d4 Nf6 2. c4 e6 3. Nf3 Bb4+ 4. Nbd2 b6 5. a3 Bxd2+ 6. Qxd2 Bb7 7. b4 O-O 8. Bb2 d5 9. e3 dxc4 10. Bxc4 Nbd7 11. O-O Qe7 12. Qe2 Rfd8 13. Rfc1 c5 14. dxc5 bxc5 15. b5 Ne4 16. a4 Bd5 17. a5 Nd6 18. Bd3 c4 19. Bb1 Nxb5 20. e4 Bc6 21. Rxc4 Rac8 22. Bd3 Nc5 23. Ne5 Nxd3 24. Nxc6 Qd7 25. Nxd8 Rxc4 26. Rd1 Qxd8 27. Rxd3 Qc8 28. Qg4 Nc3 29. h4 h6 30. Kh1 Rxe4 31. Qg3 Qc4 32. Rxc3 Rxh4+ 33. Kg1 1-0


[Site "https://www.chess.com"]

[Event "Titled Tuesday Blitz November 01 Late 2022"]
[White "Issani, Nameer"]
[Black "Milikow, Yoav"]
[WhiteFideId "2619130"]
[BlackFideId "2822237"]
[WhiteElo "2637"]
[BlackElo "2341"]
[Result "0-1"]
[Round "03"]
[TimeControl "180+1"]
[Date "2022.11.02"]
[WhiteClock "0:00:14"]
[BlackClock "0:00:35"]

1. d4 Nf6 2. c4 a6 3. Nc3 c5 4. d5 b5 5. cxb5 axb5 6. e4 b4 7. Nb5 d6 8. f3 Ba6 9. Bd2 Qb6 10. a4 Nbd7 11. Nh3 g6 12. Be2 Bg7 13. O-O O-O 14. Qc2 Rfc8 15. Nf4 Ne5 16. Kh1 Bh6 17. b3 c4 18. bxc4 Bxb5 19. axb5 Rxa1 20. Rxa1 Qd4 21. Rd1 Nxc4 22. Bxb4 Qb2 23. Qxb2 Nxb2 24. Rb1 Bxf4 25. b6 Na4 26. b7 Rb8 27. Ba5 Nc5 28. g3 Be3 29. Bd8 Kf8 30. e5 Nxd5 31. Bc4 Nc3 32. exd6 Nxb1 33. dxe7+ Ke8 34. Bb5+ Nd7 35. Bc6 Ba7 36. Bc7 Kxe7 37. Bxb8 Nxb8 38. Be4 Nc3 39. Bd3 Na4 40. Kg2 Nc5 41. Be2 Nxb7 42. f4 Nd8 43. Bf3 Nd7 44. g4 Nf8 45. Kg3 Bb8 46. h3 g5 47. Be4 Bxf4+ 48. Kf3 h6 49. h4 Nfe6 50. hxg5 Bxg5 0-1


[Site "https://www.chess.com"]

[Event "Titled Tuesday Blitz November 01 Late 2022"]
[White "Itgelt, Khuyagtsogt"]
[Black "Becerra, Juan David"]
[WhiteFideId "4902912"]
[BlackFideId "4404998"]
[WhiteElo "2084"]
[BlackElo "2278"]
[Result "0-1"]
[Round "03"]
[TimeControl "180+1"]
[Date "2022.11.02"]
[WhiteClock "0:00:24"]
[BlackClock "0:00:12"]

1. e4 c5 2. Nf3 d6 3. d4 cxd4 4. Nxd4 Nf6 5. Nc3 a6 6. Bg5 e6 7. Qf3 h6 8. Bxf6 Qxf6 9. Qxf6 gxf6 10. Be2 Nc6 11. O-O-O h5 12. Kb1 Bd7 13. g3 h4 14. Nf3 h3 15. Na4 O-O-O 16. Nb6+ Kc7 17. Nxd7 Kxd7 18. Nd2 Kc7 19. Nb3 Kb6 20. f4 Be7 21. Rd2 Rdg8 22. Rhd1 Kc7 23. a4 Kb6 24. c3 Kc7 25. Bf3 Bf8 26. Rd3 Be7 27. Nd2 b5 28. axb5 axb5 29. b4 Ra8 30. Nb3 Ra3 31. Kb2 Rha8 32. Ra1 Rxb3+ 33. Kxb3 Rxa1 34. Bd1 Ra8 35. Bh5 Rf8 36. g4 f5 37. exf5 exf5 38. g5 Nd8 39. Rxh3 Ne6 40. Rf3 d5 41. h4 d4 42. Rf1 dxc3 43. Kxc3 Bd6 44. Be2 Kb6 45. Bd3 Nxf4 46. Bxf5 Ne2+ 47. Kd3 Ng3 48. Rf3 Nxf5 49. Rxf5 Bxb4 50. h5 Rd8+ 51. Ke4 Rd7 52. h6 Bc3 53. h7 b4 54. Rf3 Rd8 55. Rxf7 b3 56. Rf1 b2 57. g6 Kb5 58. Ke3 Kc4 59. Rg1 Re8+ 60. Kf3 Kb3 61. g7 Bxg7 62. Rxg7 b1=Q 63. Rb7+ Kc2 64. Rc7+ Kd2 65. Rd7+ Qd3+ 66. Rxd3+ Kxd3 67. Kf4 Rh8 68. Kg5 Rxh7 69. Kg6 Rd7 70. Kf6 Kd4 71. Ke6 Rd5 72. Kf7 Re5 73. Kf6 Kd5 74. Kg6 Ke6 75. Kg7 Rg5+ 76. Kh6 Kf6 0-1


[Site "https://www.chess.com"]

[Event "Titled Tuesday Blitz November 01 Late 2022"]
[White "Jaferian, Koosha"]
[Black "Zierk, Steven"]
[WhiteFideId "12507440"]
[BlackFideId "2034255"]
[WhiteElo "2127"]
[BlackElo "2494"]
[Result "1/2-1/2"]
[Round "03"]
[TimeControl "180+1"]
[Date "2022.11.01"]
[WhiteClock "0:00:28"]
[BlackClock "0:00:05"]

1. e4 e6 2. d4 d5 3. Bd3 dxe4 4. Bxe4 Nf6 5. Bf3 c5 6. Ne2 Nc6 7. Be3 cxd4 8. Nxd4 Ne5 9. Nc3 Nxf3+ 10. Qxf3 e5 11. Ndb5 Bb4 12. O-O O-O 13. a3 Bxc3 14. Nxc3 Qe7 15. Bg5 Qe6 16. Rfe1 h6 17. Bxf6 Qxf6 18. Qxf6 gxf6 19. Nd5 Kg7 20. Re3 Bf5 21. Rg3+ Bg6 22. Ne7 Rad8 23. Nxg6 fxg6 24. Rc3 Rd2 25. Kf1 Rfd8 26. Ke1 R2d7 27. Ke2 f5 28. Rd3 Rxd3 29. cxd3 Rc8 30. Kd2 Kf6 31. Rc1 Rxc1 32. Kxc1 Ke6 33. Kd2 Kd5 34. Kc3 a5 35. h4 g5 36. hxg5 hxg5 37. f3 a4 38. Kc2 Kc5 39. Kc3 b5 40. Kc2 b4 41. axb4+ Kxb4 42. Kc1 Kc5 43. Kc2 Kd4 44. Kd2 e4 45. dxe4 fxe4 46. fxe4 Kxe4 47. Ke2 Kd4 48. Kd2 g4 49. g3 Ke4 50. Ke2 Kd4 51. Kd2 Kc4 52. Kc2 Kb4 53. Kb1 Kb3 54. Ka1 a3 55. Kb1 axb2 1/2-1/2


[Site "https://www.chess.com"]

[Event "Titled Tuesday Blitz November 01 Late 2022"]
[White "Janaszak, Dawid"]
[Black "Roque Sola, Gisela"]
[WhiteFideId "1119206"]
[BlackFideId "5120241"]
[WhiteElo "2226"]
[BlackElo "1961"]
[Result "1-0"]
[Round "03"]
[TimeControl "180+1"]
[Date "2022.11.02"]
[WhiteClock "0:01:06"]
[BlackClock "0:01:10"]

1. d4 Nf6 2. Bf4 e6 3. Nf3 d5 4. e3 Bd6 5. Ne5 Nbd7 6. Nd2 O-O 7. Bd3 b6 8. Qf3 Bb7 9. Qh3 Ne4 10. f3 Nef6 11. Bg5 Bxe5 12. Bxf6 Nxf6 13. dxe5 h6 14. exf6 Qxf6 15. c3 c5 16. O-O e5 17. Qf5 Qxf5 18. Bxf5 g6 19. Bc2 Rac8 20. Rad1 d4 21. Rfe1 Rfd8 22. exd4 exd4 23. Be4 Ba6 24. c4 b5 25. Bd5 Kf8 26. b3 Rd6 27. Re5 Rcd8 28. Rde1 Rb6 29. Re7 bxc4 30. Rxf7+ Kg8 31. Rd7+ 1-0


[Site "https://www.chess.com"]

[Event "Titled Tuesday Blitz November 01 Late 2022"]
[White "Jaskolka, Tomasz"]
[Black "Melikyan, Gnel"]
[WhiteFideId "1170791"]
[BlackFideId "54109990"]
[WhiteElo "2126"]
[BlackElo "2138"]
[Result "0-1"]
[Round "03"]
[TimeControl "180+1"]
[Date "2022.11.02"]
[WhiteClock "0:00:04"]
[BlackClock "0:00:05"]

1. d4 Nf6 2. c4 g6 3. g3 Bg7 4. Bg2 O-O 5. Nc3 d6 6. Nf3 c6 7. O-O Qb6 8. e4 Bg4 9. h3 Bxf3 10. Bxf3 Nfd7 11. Be3 Qxb2 12. Qd3 Nc5 13. dxc5 Qxc3 14. Qxc3 Bxc3 15. Rab1 b6 16. cxb6 axb6 17. Rxb6 Rxa2 18. Rfb1 Ra1 19. Rxa1 Bxa1 20. Rb7 Re8 21. Kf1 c5 22. Bd1 e6 23. Ba4 Rc8 24. Bf4 Be5 25. Bxe5 dxe5 26. Rb6 Kf8 27. Ke2 Ke7 28. Rb7+ Kf6 29. Rb6 h5 30. Ke3 g5 31. f4 exf4+ 32. gxf4 g4 33. e5+ Kg7 34. hxg4 hxg4 35. Kf2 Rd8 36. Kg3 Rd3+ 37. Kxg4 Nd7 38. Rd6 Rxd6 39. exd6 Nf6+ 40. Kf3 Kf8 41. Bc6 Nh5 42. Kg4 Nf6+ 43. Kg5 Nh7+ 44. Kh6 Nf6 45. Kg5 Ng8 46. f5 f6+ 47. Kf4 e5+ 48. Ke4 Nh6 49. Kd5 Nxf5 50. Ke6 Nd4+ 51. Kxf6 Nxc6 52. Ke6 Ke8 53. Kd5 Kd7 54. Kxc5 e4 55. Kb6 e3 56. c5 e2 57. Kb7 e1=Q 58. Ka8 Qa5+ 59. Kb7 Qa7# 0-1


[Site "https://www.chess.com"]

[Event "Titled Tuesday Blitz November 01 Late 2022"]
[White "Jimenez Almeida, Luis David"]
[Black "Bacrot, Etienne"]
[WhiteFideId "22242244"]
[BlackFideId "605506"]
[WhiteElo "2158"]
[BlackElo "2666"]
[Result "1-0"]
[Round "03"]
[TimeControl "180+1"]
[Date "2022.11.02"]
[WhiteClock "0:00:07"]
[BlackClock "0:00:08"]

1. e4 c5 2. Nc3 Nc6 3. Nge2 Nf6 4. d4 cxd4 5. Nxd4 d6 6. Bg5 e6 7. Qd2 Bd7 8. O-O-O a6 9. f4 Be7 10. Kb1 Rc8 11. Nxc6 Bxc6 12. Bd3 b5 13. g4 b4 14. Bxf6 Bxf6 15. Ne2 Qb6 16. g5 Be7 17. h4 a5 18. Ng3 a4 19. f5 a3 20. Nh5 g6 21. Ng7+ Kd7 22. fxe6+ fxe6 23. Bc4 Kc7 24. Nxe6+ Kb8 25. Rhe1 Bd7 26. Bb3 Rhe8 27. Nf4 Bc6 28. Qd4 Qc5 29. Ne6 Qa5 30. Nf4 Bf8 31. Nd3 Bb7 32. Nxb4 Rc7 33. Nd5 Bg7 34. Nf6 Rec8 35. Qxd6 Ka8 36. Qxa3 Qxa3 37. bxa3 Bf8 38. e5 Bxa3 39. e6 Rb8 40. Rd7 Rbc8 41. Re4 Bxe4 42. Rxc7 Rxc7 43. Nxe4 Kb7 44. Bd5+ Kb6 45. c4 Ka5 46. Kc2 Kb4 47. Kd3 Bb2 48. Nf6 Kc5 49. Ke4 Ra7 50. Ng8 Kd6 51. e7 Ra8 52. Bf7 Kd7 53. e8=Q+ Rxe8+ 54. Bxe8+ Kxe8 55. Nf6+ Ke7 56. Nxh7 Kd6 57. Nf8 Kc5 58. Nxg6 Kxc4 59. h5 Kc5 60. h6 Kd6 61. h7 Ke6 62. h8=Q 1-0


[Site "https://www.chess.com"]

[Event "Titled Tuesday Blitz November 01 Late 2022"]
[White "Jimenez Fernandez, Rebeca"]
[Black "Jarocka, Liwia"]
[WhiteFideId "32070934"]
[BlackFideId "21807558"]
[WhiteElo "1946"]
[BlackElo "1989"]
[Result "0-1"]
[Round "03"]
[TimeControl "180+1"]
[Date "2022.11.02"]
[WhiteClock "0:00:02"]
[BlackClock "0:00:56"]

1. e4 e6 2. d3 d5 3. Nd2 c5 4. Ngf3 Nc6 5. g3 Nf6 6. Bg2 Be7 7. O-O O-O 8. Re1 b6 9. e5 Nd7 10. Nf1 Qc7 11. Bf4 d4 12. h4 Bb7 13. N1h2 Rfd8 14. h5 h6 15. Ng4 Bf8 16. Qd2 c4 17. Nxh6+ gxh6 18. Bxh6 Ncxe5 19. Qg5+ Kh7 20. Bxf8 Nxf3+ 21. Bxf3 Rxf8 22. Be4+ Bxe4 23. Rxe4 Qc5 24. Qh4 cxd3 25. cxd3 Rae8 26. Rxd4 Qe7 27. Qe4+ f5 28. Qe2 Nf6 29. Rc1 Rd8 30. Rdc4 Rd7 31. Qe5 Qd6 32. Qb5 Qxd3 33. Qb4 Qd6 34. Qc3 Ne4 35. Qe3 Qd2 36. Qa3 Qxf2+ 37. Kh1 Nxg3+ 0-1


[Site "https://www.chess.com"]

[Event "Titled Tuesday Blitz November 01 Late 2022"]
[White "Jobava, Baadur"]
[Black "Faizrakhmanov, Ramil"]
[WhiteFideId "13601520"]
[BlackFideId "24103209"]
[WhiteElo "3094"]
[BlackElo "2815"]
[Result "0-1"]
[Round "03"]
[TimeControl "180+1"]
[Date "2022.11.01"]
[WhiteClock "0:00:33"]
[BlackClock "0:00:06"]

1. b3 d5 2. Bb2 Bf5 3. d3 e6 4. Nd2 Nf6 5. g3 c5 6. Bg2 Nc6 7. e4 Bg6 8. Ne2 Be7 9. O-O O-O 10. Nf4 d4 11. a4 e5 12. Nxg6 hxg6 13. Nc4 Qd7 14. h4 Bd8 15. Bc1 Bc7 16. Bg5 Nh7 17. Bd2 Nf6 18. Kh2 Ng4+ 19. Kh1 Nf6 20. Rg1 b6 21. Qf1 a6 22. Bh3 Qe7 23. Bg5 b5 24. Nd2 Nb4 25. Qd1 Qd6 26. f4 Qc6 27. Nf3 exf4 28. gxf4 Nh5 29. Qd2 f6 30. Bh6 Kh7 31. Qg2 f5 32. Bg5 fxe4 33. dxe4 Qxe4 34. Rae1 Qxc2 35. Qg4 Bxf4 36. Rg2 Qf5 37. Qxf5 gxf5 38. Reg1 Ra7 39. Rf2 Be3 40. Bxe3 dxe3 41. Ng5+ Kh8 42. Rxf5 Rxf5 43. Bxf5 e2 44. Kg2 Re7 45. Kf2 Nf4 46. Be4 Rxe4 47. Nxe4 Nh3+ 48. Kxe2 Nxg1+ 49. Ke3 c4 50. bxc4 bxa4 51. Kd4 a3 52. Kc3 a2 53. Kb2 Ne2 54. c5 Nd4 55. Nf2 Nb3 56. Kxb3 a1=Q 0-1


[Site "https://www.chess.com"]

[Event "Titled Tuesday Blitz November 01 Late 2022"]
[White "Jones, Gawain C B"]
[Black "Ozer, Omer Faruk"]
[WhiteFideId "409561"]
[BlackFideId "6354564"]
[WhiteElo "2657"]
[BlackElo "2260"]
[Result "1-0"]
[Round "03"]
[TimeControl "180+1"]
[Date "2022.11.01"]
[WhiteClock "0:00:06"]
[BlackClock "0:00:04"]

1. Nf3 Nf6 2. g3 b5 3. Bg2 Bb7 4. O-O e6 5. d3 d5 6. c4 b4 7. cxd5 exd5 8. d4 Nbd7 9. Nbd2 c5 10. dxc5 Bxc5 11. Nb3 Bb6 12. a4 bxa3 13. bxa3 O-O 14. a4 a6 15. a5 Ba7 16. Ba3 Re8 17. Nfd4 Ne4 18. Rc1 Rc8 19. Rxc8 Qxc8 20. Qa1 Ne5 21. Rc1 Nc4 22. e3 Qd7 23. Bxe4 Rxe4 24. Nc5 Bxc5 25. Bxc5 h5 26. h4 f6 27. Qb1 Ne5 28. Bd6 Nc4 29. Bf4 Bc6 30. Qb4 Kh7 31. Qc5 Bb5 32. Nxb5 Qxb5 33. Qxb5 axb5 34. a6 Re6 35. Ra1 Re8 36. a7 Ra8 37. Bb8 Ne5 38. Bxe5 fxe5 39. Kf1 b4 40. Ke2 b3 41. Kd3 b2 42. Rb1 Rxa7 43. Rxb2 Ra3+ 44. Ke2 Ra5 45. Rb6 Ra2+ 46. Kf3 e4+ 47. Kg2 d4 48. exd4 e3 49. Kf3 exf2 50. Rb1 Kg6 51. Rf1 Rd2 52. Ke3 Rb2 53. Rxf2 Rb3+ 54. Ke4 Rxg3 55. d5 Rg4+ 56. Ke5 Rxh4 57. d6 Rh1 58. d7 Re1+ 59. Kd6 Rd1+ 60. Ke7 Re1+ 61. Kf8 Rd1 62. Ke8 Re1+ 63. Kf8 Rd1 64. Rg2+ Kh6 65. Rxg7 Rf1+ 66. Rf7 Rd1 67. Ke7 h4 68. Rf6+ Kg5 69. Rd6 Re1+ 70. Kf7 Rf1+ 71. Kg7 1-0


[Site "https://www.chess.com"]

[Event "Titled Tuesday Blitz November 01 Late 2022"]
[White "Joubert, Dantelle"]
[Black "Gallegos Diaz, Carlos Alberto"]
[WhiteFideId "14310813"]
[BlackFideId "3900886"]
[WhiteElo "1507"]
[BlackElo "2362"]
[Result "0-1"]
[Round "03"]
[TimeControl "180+1"]
[Date "2022.11.02"]
[WhiteClock "0:00:49"]
[BlackClock "0:00:19"]

1. d4 Nf6 2. c4 d6 3. Nc3 e5 4. dxe5 dxe5 5. Qxd8+ Kxd8 6. Nf3 Nbd7 7. Bg5 c6 8. O-O-O Kc7 9. h3 Bb4 10. Bd2 a5 11. a3 Bxc3 12. Bxc3 Ne4 13. Be1 f6 14. Nd2 Nec5 15. f3 Nb6 16. e4 Be6 17. Bf2 Nbd7 18. Nb1 Rhd8 19. g4 Nb3+ 20. Kc2 Ndc5 21. Be2 Na1+ 22. Kc3 Na4# 0-1


[Site "https://www.chess.com"]

[Event "Titled Tuesday Blitz November 01 Late 2022"]
[White "Karas, Marek"]
[Black "Haszon, David"]
[WhiteFideId "14928558"]
[BlackFideId "733610"]
[WhiteElo "2220"]
[BlackElo "2211"]
[Result "1-0"]
[Round "03"]
[TimeControl "180+1"]
[Date "2022.11.02"]
[WhiteClock "0:00:22"]
[BlackClock "0:00:07"]

1. d4 Nf6 2. Bf4 d5 3. Nf3 c5 4. e3 Nc6 5. Nbd2 Qb6 6. dxc5 Qxb2 7. Rb1 Qa3 8. Bb5 Qxc5 9. c4 e6 10. Nb3 Qb4+ 11. Nfd2 dxc4 12. Nd4 Qc5 13. Nxc4 Bd7 14. O-O Nd5 15. Bxc6 bxc6 16. Ne5 Nc3 17. Qd3 Nxb1 18. Nb5 O-O-O 19. Nxa7+ Qxa7 20. Nxf7 Be7 21. Rxb1 Rhf8 22. Qa6+ Qxa6 23. Rb8# 1-0


[Site "https://www.chess.com"]

[Event "Titled Tuesday Blitz November 01 Late 2022"]
[White "Kekic, Armin"]
[Black "Castellanos Gomez, Alejandro"]
[WhiteFideId "14401274"]
[BlackFideId "22284141"]
[WhiteElo "2132"]
[BlackElo "2168"]
[Result "0-1"]
[Round "03"]
[TimeControl "180+1"]
[Date "2022.11.02"]
[WhiteClock "0:00:05"]
[BlackClock "0:00:07"]

1. e4 e6 2. d4 d5 3. exd5 exd5 4. Bd3 Nf6 5. Ne2 Bd6 6. Bf4 O-O 7. O-O Bg4 8. f3 Bh5 9. c3 Re8 10. Bxd6 Qxd6 11. Nd2 Nbd7 12. Re1 Re7 13. Nf1 Rae8 14. Qd2 Nf8 15. Neg3 Bg6 16. Nf5 Bxf5 17. Bxf5 g6 18. Bd3 Kg7 19. Rxe7 Qxe7 20. Kf2 h5 21. Re1 Ne6 22. g3 Qd6 23. Re2 h4 24. a3 Rh8 25. Kg2 hxg3 26. hxg3 Qd7 27. Kg1 Nh7 28. Rh2 Neg5 29. Kg2 Qd6 30. Qe3 Qf6 31. f4 Ne6 32. Qe5 Qxe5 33. fxe5 c6 34. Ne3 Rf8 35. Ng4 Rc8 36. Kf2 c5 37. Ke3 cxd4+ 38. cxd4 Rc1 39. Rc2 Rg1 40. Kf2 Rd1 41. Ke2 Rh1 42. Ke3 Nhg5 43. Nf6 Rh3 44. Rc8 Nf8 45. Kf2 Rh2+ 46. Ke3 Nge6 47. Rc2 Rh3 48. Rg2 Rh1 49. Bb5 Re1+ 50. Kd3 Rd1+ 51. Rd2 Rxd2+ 52. Kxd2 Nxd4 53. Be8 Nf3+ 54. Ke3 Nxe5 55. Nxd5 Nc4+ 56. Kd4 Nxb2 57. Kc3 Nd1+ 58. Kd2 Nf2 59. Ke3 Ng4+ 60. Kf4 Nf6 61. Ne7 Ne6+ 62. Ke5 Nxe8 0-1


[Site "https://www.chess.com"]

[Event "Titled Tuesday Blitz November 01 Late 2022"]
[White "Kilic, Eray"]
[Black "Sanal, Vahap"]
[WhiteFideId "44517173"]
[BlackFideId "6300545"]
[WhiteElo "2771"]
[BlackElo "2965"]
[Result "1/2-1/2"]
[Round "03"]
[TimeControl "180+1"]
[Date "2022.11.01"]
[WhiteClock "0:00:03"]
[BlackClock "0:00:03"]

1. e4 d6 2. d4 Nf6 3. Nc3 e5 4. Nf3 Nbd7 5. Bc4 Be7 6. O-O O-O 7. Re1 c6 8. a4 h6 9. Ba2 Re8 10. h3 Qc7 11. Be3 Nf8 12. dxe5 dxe5 13. Qe2 Ng6 14. Rad1 Bb4 15. Bd2 a5 16. Nb1 Re7 17. Bb3 Nh5 18. Bxb4 axb4 19. Qd2 Qa5 20. Qd8+ Kh7 21. Qxa5 Rxa5 22. Nbd2 Nhf4 23. Nc4 Ra7 24. Nb6 Be6 25. Bxe6 Rxe6 26. b3 Ra6 27. Nc4 b5 28. axb5 cxb5 29. Ne3 Re7 30. g3 Ne6 31. Nd5 Re8 32. Nxb4 Ra7 33. Rd2 Rc7 34. Nd5 Rc6 35. Ra1 Rec8 36. Ra7 Nc7 37. Nb4 Rc3 38. Kg2 Kg8 39. Rb7 f6 40. Rd3 Rxd3 41. cxd3 Nf8 42. d4 exd4 43. Nxd4 Nfe6 44. Nxe6 Nxe6 45. Rxb5 Rc3 46. Nd5 Rc2 47. b4 Ng5 48. Rb8+ Kf7 49. Rb7+ Kf8 50. Nf4 Nxe4 51. Ne6+ Kg8 52. Rxg7+ Kh8 53. Re7 Rxf2+ 54. Kg1 Rb2 55. g4 Rxb4 56. Nc7 Ng5 57. Re3 Rb6 58. Nd5 Rd6 59. Nf4 Nf7 60. Re7 Kg8 61. Nh5 Kf8 62. Re3 Ng5 63. h4 Nh7 64. Re4 Kf7 65. Ng3 Nf8 66. Nf5 Rd1+ 67. Kg2 h5 68. Re7+ Kg8 69. gxh5 Rd5 70. Ng3 Re5 71. Ra7 Ne6 72. h6 Nf4+ 73. Kf3 Ng6 74. h5 Nh4+ 75. Kg4 Ng2 76. Kf3 Nh4+ 77. Kf4 Ng2+ 78. Kg4 Ne3+ 79. Kf3 Nf5 80. Ne4 Nd4+ 81. Kf4 Ne6+ 82. Kf3 Ng5+ 83. Nxg5 Rxg5 84. Kf4 Rxh5 85. Rg7+ Kf8 86. Rh7 Kg8 87. Rg7+ Kf8 88. Rh7 Kg8 89. Rg7+ 1/2-1/2


[Site "https://www.chess.com"]

[Event "Titled Tuesday Blitz November 01 Late 2022"]
[White "Kirillov, Dmitry"]
[Black "Ivic, Velimir"]
[WhiteFideId "34180572"]
[BlackFideId "950122"]
[WhiteElo "2095"]
[BlackElo "2625"]
[Result "0-1"]
[Round "03"]
[TimeControl "180+1"]
[Date "2022.11.02"]
[WhiteClock "0:00:03"]
[BlackClock "0:01:29"]

1. d4 Nf6 2. Nf3 g6 3. Bf4 Bg7 4. e3 O-O 5. h3 d6 6. Be2 b6 7. c4 Bb7 8. Nc3 Ne4 9. O-O Nxc3 10. bxc3 c5 11. Bh2 Nc6 12. Re1 Na5 13. Nd2 Rc8 14. Rc1 Qd7 15. d5 Rfe8 16. e4 e6 17. Bd3 e5 18. f4 exf4 19. Bxf4 Ba6 20. Rf1 Qe7 21. Qf3 f6 22. h4 Rcd8 23. g3 Bc8 24. Kg2 h5 25. Qe3 Bg4 26. Be2 Qd7 27. Bxg4 Qxg4 28. Qf3 f5 29. Bg5 Rd7 30. Qxg4 hxg4 31. exf5 Re2+ 32. Rf2 Rxf2+ 33. Kxf2 gxf5 34. Bf4 Kf7 35. Kg2 Be5 36. Bxe5 dxe5 37. Rf1 Kg6 38. Kf2 Nb7 39. Ke3 Nd6 40. Rf2 Rf7 41. a4 Kh5 42. Rf1 f4+ 43. gxf4 Nf5+ 44. Kd3 exf4 45. Rxf4 g3 46. Nf3 g2 47. Kd2 Nd4 48. Rxf7 Nxf3+ 49. Rxf3 g1=Q 50. d6 Qh2+ 51. Kd3 Qxd6+ 52. Ke3 Kxh4 53. Ke2 Kg4 54. Re3 Kf4 55. Rd3 Qe6+ 56. Kd2 Qxc4 0-1


[Site "https://www.chess.com"]

[Event "Titled Tuesday Blitz November 01 Late 2022"]
[White "Kleiman, Jake"]
[Black "Constantinou, Peter"]
[WhiteFideId "2020041"]
[BlackFideId "413038"]
[WhiteElo "2596"]
[BlackElo "2230"]
[Result "1-0"]
[Round "03"]
[TimeControl "180+1"]
[Date "2022.11.02"]
[WhiteClock "0:00:10"]
[BlackClock "0:00:09"]

1. e4 c6 2. Nc3 d5 3. Nf3 dxe4 4. Nxe4 Nf6 5. Qe2 Nxe4 6. Qxe4 Nd7 7. Bc4 Nf6 8. Ne5 e6 9. Qe2 b5 10. Bb3 Qc7 11. d4 Bb7 12. O-O a6 13. a4 Bd6 14. Bg5 O-O 15. Rae1 Nd5 16. Qg4 Kh8 17. Bd2 c5 18. c3 f5 19. Qh4 Bxe5 20. Rxe5 c4 21. Bc2 Rae8 22. Rfe1 Qf7 23. Bd1 Nf6 24. f3 Bd5 25. Bc2 Nd7 26. R5e2 Rb8 27. axb5 axb5 28. Bf4 Ra8 29. Bb1 h6 30. Re3 Kg8 31. Qg3 Kh7 32. h4 Kh8 33. R3e2 Ra7 34. Bd6 Rfa8 35. Qf4 Ra1 36. Ba3 Nf6 37. Qe5 Qh5 38. Qg3 Kg8 39. Be7 Qf7 40. Bxf6 Qxf6 41. Kh2 Kh8 42. Re5 Rd8 43. Qf4 g5 44. hxg5 hxg5 45. Qg3 Kg7 46. Kg1 b4 47. Qf2 bxc3 48. bxc3 Rb8 49. Bc2 Rxe1+ 50. Qxe1 Rh8 51. Bxf5 Qh6 52. Bh3 Kf6 53. Qe3 Re8 54. Rxd5 exd5 55. Qxe8 Qxh3 56. Qe5+ Kg6 57. gxh3 1-0


[Site "https://www.chess.com"]

[Event "Titled Tuesday Blitz November 01 Late 2022"]
[White "Kobla, Vishal"]
[Black "Mikhailuk, Slava"]
[WhiteFideId "2078457"]
[BlackFideId "2012910"]
[WhiteElo "1972"]
[BlackElo "2353"]
[Result "0-1"]
[Round "03"]
[TimeControl "180+1"]
[Date "2022.11.02"]
[WhiteClock "0:01:50"]
[BlackClock "0:01:59"]

1. e4 c5 2. Nf3 Nc6 3. d4 cxd4 4. Nxd4 Nf6 5. Nc3 d6 6. Bg5 Bd7 7. Qd2 Rc8 8. O-O-O Nxd4 9. Qxd4 Qa5 10. f4 Rxc3 11. Qxc3 Qxc3 12. bxc3 Nxe4 13. Kb2 Nf2 14. Be2 Nxh1 15. Rxh1 Bc6 16. Rg1 e6 17. g3 Be7 18. Bxe7 Kxe7 19. Rd1 e5 20. c4 Rd8 21. c5 exf4 22. cxd6+ Rxd6 23. Re1 fxg3 24. Bc4+ Kf8 25. hxg3 f6 26. c3 Rd2+ 27. Kc1 Rg2 28. Re3 h5 29. Be2 g6 30. a3 Kg7 31. Re7+ Kh6 32. Re6 Kg5 33. Re3 f5 34. Kd2 f4 35. Re5+ Kf6 36. gxf4 Bf3 37. Ke1 Rxe2+ 38. Rxe2 Bxe2 39. Kxe2 Kf5 40. Kf3 b5 41. Kg3 g5 42. fxg5 Kxg5 43. Kh3 Kf5 44. Kg3 Ke4 0-1


[Site "https://www.chess.com"]

[Event "Titled Tuesday Blitz November 01 Late 2022"]
[White "Kollars, Dmitrij"]
[Black "Vusatiuk, Vladimir"]
[WhiteFideId "12909572"]
[BlackFideId "14118610"]
[WhiteElo "2584"]
[BlackElo "2208"]
[Result "0-1"]
[Round "03"]
[TimeControl "180+1"]
[Date "2022.11.02"]
[WhiteClock "0:00:01"]
[BlackClock "0:00:36"]

1. Nf3 Nf6 2. g3 g6 3. Bg2 Bg7 4. O-O O-O 5. c4 c6 6. d4 d5 7. b3 a5 8. Nc3 Ne4 9. Bb2 Nxc3 10. Bxc3 b5 11. Ne5 b4 12. Bb2 Bxe5 13. dxe5 dxc4 14. bxc4 Qxd1 15. Rfxd1 Be6 16. a3 b3 17. a4 Bxc4 18. Ba3 Bxe2 19. Rd2 Bc4 20. Bxe7 Rc8 21. Rad1 Bd5 22. Bxd5 cxd5 23. Rxd5 Nc6 24. Bd6 Nb4 25. R5d2 Rc2 26. Kf1 Rac8 27. Ke2 Na2 28. Kd3 Nc1+ 29. Rxc1 Rxc1 30. Rb2 R8c3+ 31. Kd4 R1c2 32. Rb1 b2 33. Rxb2 Rxb2 34. Kxc3 Rxf2 35. Bc7 Rxh2 36. e6 fxe6 37. Bxa5 Kf7 38. Bc7 Ke8 39. a5 Kd7 40. Bf4 Kc6 41. Kd4 Re2 42. Kd3 Ra2 43. Bd2 Ra3+ 44. Bc3 Kd5 0-1


[Site "https://www.chess.com"]

[Event "Titled Tuesday Blitz November 01 Late 2022"]
[White "Krishnan, Varun"]
[Black "Amburgy, Ryan"]
[WhiteFideId "5054508"]
[BlackFideId "30924820"]
[WhiteElo "2497"]
[BlackElo "2121"]
[Result "0-1"]
[Round "03"]
[TimeControl "180+1"]
[Date "2022.11.02"]
[WhiteClock "0:00:01"]
[BlackClock "0:00:31"]

1. e4 c6 2. d4 d5 3. exd5 cxd5 4. c4 Nf6 5. Nc3 g6 6. Qb3 Bg7 7. cxd5 O-O 8. Be2 Nbd7 9. Bf3 Nb6 10. Nge2 Bg4 11. Bxg4 Nxg4 12. a4 Nf6 13. Nf4 a5 14. O-O h6 15. d6 e6 16. Nb5 Rc8 17. Bd2 Nc4 18. Bc3 b6 19. d5 exd5 20. Rad1 Nxd6 21. Bd4 Nc4 22. Bxf6 Qxf6 23. Nxd5 Qxb2 24. Ne7+ Kh7 25. Qxb2 Nxb2 26. Nxc8 Nxd1 27. Nxb6 Nc3 28. Nxc3 Bxc3 29. Nd5 Bg7 30. Rb1 Rc8 31. g3 Rc4 32. Nb6 Rc2 33. f4 Bd4+ 34. Kh1 h5 35. Rb5 Ra2 36. Nc4 Rxa4 37. Nxa5 Bf6 38. Nc6 Kg7 39. Ne5 Re4 40. Kg2 g5 41. Nd3 g4 42. Rxh5 Re2+ 43. Kf1 Rd2 44. Nf2 Kg6 45. Rb5 Bd4 46. Nxg4 f5 47. Ne5+ Kh5 48. Nf3 Rf2+ 49. Ke1 Rxf3 50. Rxf5+ Kg4 51. Rg5+ Kh3 52. f5 Kg2 53. Ke2 Re3+ 54. Kd2 Re5 55. Kd3 Be3 56. Rh5 Kf3 57. Kc4 Re4+ 58. Kd5 Re8 59. Kd6 Kg4 60. Rh7 Kxf5 61. Rf7+ Kg4 62. Re7 Rd8+ 0-1


[Site "https://www.chess.com"]

[Event "Titled Tuesday Blitz November 01 Late 2022"]
[White "Krzywda, Andrzej"]
[Black "Sabar, Ethmane Daouda"]
[WhiteFideId "1114565"]
[BlackFideId "19600097"]
[WhiteElo "2149"]
[BlackElo "1950"]
[Result "1-0"]
[Round "03"]
[TimeControl "180+1"]
[Date "2022.11.02"]
[WhiteClock "0:01:06"]
[BlackClock "0:00:06"]

1. e4 c5 2. Nc3 Nc6 3. f4 e6 4. Bb5 Nh6 5. Nf3 Be7 6. Bxc6 bxc6 7. d3 f5 8. O-O O-O 9. e5 Kh8 10. Kh1 Nf7 11. Be3 Rg8 12. Na4 g5 13. fxg5 Nxg5 14. Nxg5 Bxg5 15. Bxc5 Qe8 16. Qf3 Qg6 17. Nc3 Rb8 18. b3 Bb7 19. Bxa7 Ra8 20. Bc5 h6 21. a4 Kh7 22. a5 Ba6 23. b4 Rg7 24. b5 Bb7 25. a6 Bc8 26. a7 Bb7 27. b6 Bf4 28. d4 d6 29. exd6 e5 30. Ne2 Qg5 31. Nxf4 exf4 32. Rfe1 h5 33. Re7 Rg8 34. Rxg7+ Rxg7 35. a8=Q Bxa8 36. Rxa8 h4 37. Ra7 Rxa7 38. bxa7 Qg8 39. Qh5+ Kg7 40. Qg5+ 1-0


[Site "https://www.chess.com"]